 BcadrenCrawl: Boulder Brew version 0.04.2-15-ge27eb88979 (webtiles) character file.

Game seed: 6279760294651157414, levelgen mode: deterministic

28019 diana the Martial Artist (level 13, -9/111 HPs) Demigod. Began on May 15, 2021. Mangled by a tyrant leech (29 damage) ... on level 4 of the Lair of Beasts. The game lasted 00:37:44 (12265 turns).

diana the Martial Artist (Human Demigod)           Turns: 12265, Time: 00:37:45

Health: -9/111     AC:  9    Str: 20    XL:     13 ^: 14180
Magic:  0/37       EV: 13    Int: 23    God:
Gold:   952        SH:  0    Dex: 15    Spells: 18/29 levels left

rFire    x . .     Vision   .     - Unarmed
rCold    x . .     Gourm    .     - Unarmed
rNeg     + . .     Faith    .   I - +1 robe {rN+}
rPois    .         Spirit   +   b - +2 helmet
rElec    .         Reflect  .   j - +0 cloak
rCorr    .         Harm     .   M - +1 pair of gloves
MR       .....                  (no boots)
Stlth    ++........             e - amulet of guardian spirit
HPRegen  0.47/turn              i - ring of magical power (curse) {(Curse: rF- rC-)}
MPRegen  0.47/turn              t - ring of strength

@: about to teleport, studying Poison Magic
A: high mp 1
a: no special abilities


You were on level 4 of the Lair of Beasts.
You were near starving.

You visited 3 branches of the dungeon, and saw 11 of its levels.

You collected 952 gold pieces.

Inventory:

Armour
 b - a +2 helmet (worn)
 j - a +0 cloak (worn)
 C - a scarf of spirit shield
 I - a +1 robe of positive energy (worn)
 M - a +1 pair of gloves (worn)
Jewellery
 e - an amulet of guardian spirit (around neck)
 h - an uncursed ring of positive energy
 i - a cursed ring of magical power (left hand) {(Curse: rF- rC-)}
 t - a ring of strength (right hand)
 J - an uncursed ring of resist corrosion
Wands
 a - a wand of ensnaring (6)
 s - a wand of disintegration (47)
 x - a wand of enslavement (7)
 B - a wand of random effects (32)
 F - a wand of flame (7)
 N - a wand of polymorph (1)
Scrolls
 d - 3 scrolls of magic mapping
 g - 8 scrolls of bless item
 k - 2 scrolls of amnesia
 l - 6 scrolls of teleportation
 n - 5 scrolls of acquirement
 w - 2 scrolls of enchantment
 y - a scroll of fear
 D - 2 scrolls of fog
 G - a scroll of blinking
 K - 3 scrolls of holy word
Potions
 f - 2 potions of resistance
 m - 12 potions of curing
 o - 2 potions of heal wounds
 p - a potion of brilliance
 q - 3 potions of agility
 r - 6 potions of might
 u - 2 potions of haste
 z - 3 potions of cancellation
 A - 2 potions of ambrosia
 E - a potion of magic
 H - a potion of cure mutation
Comestibles
 c - 13 rations
 v - 5 chunks of flesh


   Skills:
 + Level 9.5 Fighting
 - Level 3.0 Dodging
 - Level 2.0 Stealth
 + Level 12.6 Unarmed Combat
 + Level 8.7 Spellcasting
 + Level 9.7 Fire Magic


You had 18 spell levels left.
You knew the following spells:

 Your Spells              Type           Power        Failure   Level  Hunger
a - Flame Tongue          Fire           30 (30)      1%          1    None
b - Conjure Flame         Fire           53 (100)     1%          3    None
c - Blink                 Tloc           N/A          10%         2    None
d - Bolt of Magma         Fire/Erth      32 (200)     24%         5    ####...

Your spell library contained the following spells:

 Spells                   Type           Power        Failure   Level  Hunger
 Foxfire                  Fire           25 (25)      1%          1    None
 Magic Candle             Hex/Fire       32 (90)      1%          1    None
 Ignite Poison            Fire/Tmut      32 (100)     2%          3    None
 Inner Flame              Hex/Fire       32 (100)     2%          3    None
 Confusing Touch          Hex            10 (50)      6%          1    None
 Shock                    Air            10 (25)      6%          1    None
 Sticky Flame             Fire/Pois      32 (100)     9%          4    ##.....
 Call Imp                 Summ           10 (100)     10%         2    None
 Slow                     Hex            10 (100)     10%         2    None
 Swiftness                Chrm/Air       10 (100)     10%         2    None
 Confuse                  Hex            10 (100)     19%         3    None
 Gell's Gravitas          Tloc           10 (200)     19%         3    None
 Mephitic Cloud           Pois/Air       10 (100)     19%         3    None
 Portal Projectile        Chrm/Tloc      10 (50)      19%         3    None
 Cause Fear               Hex            10 (200)     54%         4    ##.....
 Leda's Liquefaction      Tmut/Erth      10 (200)     54%         4    ##.....
 Petrify                  Tmut/Erth      10 (100)     54%         4    ##.....
 Irradiate                Tmut/Pois      10 (200)     87%         5    ####...
 Silence                  Hex/Air        10 (200)     87%         5    ####...
 Yara's Violent Unravell  Hex/Tmut       10 (200)     87%         5    ####...
 Cigotuvi's Degeneration  Tmut/Necr      10 (200)     100%        6    ######.
 Deflect Missiles         Chrm/Air       10 (200)     100%        6    ######.
 Statue Form              Tmut/Erth      10 (150)     100%        6    ######.
 Dragon Form              Tmut           10 (200)     100%        7    #######
 Infestation              Tmut/Pois      10 (200)     100%        7    #######
 Discord                  Hex            10 (200)     100%        8    #######


Dungeon Overview and Level Annotations

Branches:
Dungeon (6/8)              Temple (1/1) D:4            Lair (4/6) D:5
  Swamp (0/4) Lair:2        Snake (0/4) Lair:3
    Orc: D:6

Shops:
D:2 !

Annotations:
D:6 Frances


Innate Abilities, Weirdness & Mutations

You have an increased reservoir of magic. (+10% MP)


Message History

The fire ignites!
The swamp worm fires a harpoon shot at you.
The harpoon shot hits you (9)!
You are yanked forward by the harpoon shot.
Casting: Conjure Flame (safe; 1% risk of failure)
Confirm with . or Enter, or press ? or * to list all spells.
Aiming: Bolt of Magma (quite dangerous; 24% risk of failure)
Press: ? - help, Shift-Dir - straight line, f - tyrant leech
Aim: a tyrant leech (lightly wounded (53/59))
The bolt of magma hits the tyrant leech (13)!
The tyrant leech is moderately wounded. (40/59) HP The swamp worm bites you (11)!
The tyrant leech bites you (29)!!
* * * LOW HITPOINT WARNING * * *
The tyrant leech draws strength from your injuries (8)!
Unknown command.
As you read the scroll of teleportation, it crumbles to dust.
You feel strangely unstable. The swamp worm bites you (2).
* * * LOW HITPOINT WARNING * * *
The tyrant leech bites you (33)!!
You die...

###.≈≈≈≈###
##≈≈≈###:# #≈≈≈≈#§≈
≈## #.≈≈≈§≈ ≈≈≈#
##.≈≈P# #≈≈#
#P.≈≈≈### ###≈≈≈###
##..≈≈≈≈###≈≈≈≈....
#....≈≈≈≈≈≈≈.....
##@...≈≈≈≈≈#..#
#Pww......./..#
##......†....##
#)......†..##
#####..P..##
#######


You could see a tyrant leech and a swamp worm.

Vanquished Creatures
  An eidolon (Lair:1)
  3 boulder beetles
  A catoblepas (Lair:2)
  Erica (Lair:2)
  A two-headed ogre (D:5)
  3 hydras
  A torpor snail (Lair:4)
  A gargoyle (D:5)
  A black mamba (Lair:2)
  10 spiny frogs
  2 rime drakes
  9 komodo dragons
  4 blink frogs (Lair:3)
  A hornet (Lair:3)
  A demonic crawler (Lair:4)
  A wraith (Lair:1)
  12 steam dragons
  A hungry ghost (D:5)
  3 basilisks
  11 yaks
  An acid dragon (Lair:2)
  5 nagas (Lair:3)
  2 guardian mummies (D:4)
  A phantom (Lair:1)
  7 water moccasins
  A hydra simulacrum (Lair:1)
  13 scorpions
  10 porcupines
  2 ice beasts
  2 sky beasts (D:5)
  2 black bears (D:5)
  An ogre (D:5)
  9 wolves (Lair:3)
  7 crocodiles
  2 big kobolds (D:2)
  14 bullfrogs
  A meliai zombie (D:4)
  A gnoll sergeant (D:2)
  7 howler monkeys
  5 wights (D:5)
  A hornet zombie (D:4)
  2 electric eels (Lair:1)
  6 hounds
  A spectral crocodile (Lair:1)
  A spectral water moccasin (Lair:1)
  An orc priest (D:3)
  10 jellies
  A gnoll shaman (D:2)
  3 iguanas
  2 mummies (D:4)
  3 orc wizards
  5 worker ants
  A wyvern zombie (D:4)
  A wyvern skeleton (D:5)
  A wyvern simulacrum (Lair:1)
  7 giant cockroaches
  2 bullfrog zombies (D:4)
  2 porcupine zombies
  3 bullfrog skeletons
  14 adders
  7 gnolls (D:2)
  50 sewer rats (D:2)
  2 white imps (D:4)
  A worm (D:2)
  9 cinder newts
  2 giant cockroach zombies (D:4)
  3 hound zombies
  A howler monkey zombie (D:5)
  2 worker ant zombies
  8 oozes
  3 hound skeletons (D:3)
  A howler monkey skeleton (D:5)
  2 dart slugs (D:1)
  7 leopard geckos
  2 orcs (D:5)
  3 adder skeletons
  An adder zombie (D:4)
  2 cinder newt skeletons (D:2)
  6 hobgoblins (D:1)
  6 jackals
  A quokka (Lair:3)
  4 ball pythons
  2 bats
  A bat skeleton (D:2)
  2 goblins (D:1)
  2 jackal skeletons
  2 jackal zombies (D:4)
  13 kobolds
  2 leopard gecko skeletons
  An orc skeleton (D:2)
  2 quokka zombies (D:4)
  3 rats
  A butterfly (D:4)
  A plant (Lair:1)
  3 withered plants (D:2)
386 creatures vanquished.

Vanquished Creatures (others)
  A crocodile (Lair:3)
  An iguana (Lair:2)
  A leopard gecko (D:2)
  An orc (D:5)
  A ball python (D:2)
  2 bats (D:2)
  2 jackals (D:4)
  A jackal zombie (D:4)
  19 fungi
  40 plants
  A slimehead (D:2)
  153 withered plants (D:2)
223 creatures vanquished.

Grand Total: 609 creatures vanquished

Notes
Turn   | Place    | Note
-------+----------+-------------------------------------------
     0 | D:1      | diana the Human Demigod began the quest for the Orb.
     0 | D:1      | Reached XP level 1. HP: 16/16 MP: 2/2
   117 | D:1      | Reached XP level 2. HP: 23/23 MP: 2/4
   134 | D:1      | Reached XP level 3. HP: 28/28 MP: 5/5
   214 | D:1      | Reached XP level 4. HP: 35/35 MP: 7/7
   323 | D:1      | Reached skill level 3 in Unarmed Combat
   880 | D:2      | Reached XP level 5. HP: 41/41 MP: 8/8
  1059 | D:2      | Reached XP level 6. HP: 46/50 MP: 8/10
  1221 | D:2      | Reached skill level 4 in Unarmed Combat
  1347 | D:2      | Reached XP level 7. HP: 54/56 MP: 12/12
  1490 | D:2      | Reached skill level 5 in Unarmed Combat
  1558 | D:2      | Identified a scroll of acquirement
  1711 | D:2      | Reached XP level 8. HP: 35/63 MP: 9/14
  1976 | D:2      | Learned a level 3 spell: Conjure Flame
  2363 | D:2      | Found Casykhott's Distillery.
  2792 | D:3      | Reached skill level 6 in Unarmed Combat
  2971 | D:3      | Learned a level 2 spell: Blink
  3326 | D:4      | Connectivity tunneler affected ossuary_minmay_chase.
  3326 | D:4      | Connectivity tunneler affected ossuary_minmay_chase.
  3365 | D:4      | Found a staircase to the Ecumenical Temple.
  3389 | Temple   | Entered the Ecumenical Temple
  3485 | D:4      | Reached XP level 9. HP: 72/72 MP: 16/16
  3517 | D:4      | Reached skill level 5 in Fire Magic
  3535 | D:4      | Reached skill level 7 in Unarmed Combat
  4097 | D:4      | Reached skill level 5 in Fighting
  4402 | D:4      | Reached skill level 8 in Unarmed Combat
  4421 | D:4      | Reached skill level 5 in Spellcasting
  4445 | D:4      | Reached XP level 10. HP: 62/82 MP: 19/19
  4691 | D:5      | Entered Level 5 of the Dungeon
  4825 | D:5      | Noticed a boulder beetle
  4841 | D:5      | Killed a boulder beetle
  4841 | D:5      | Reached skill level 9 in Unarmed Combat
  4893 | D:5      | Noticed a boulder beetle
  4920 | D:5      | Killed a boulder beetle
  5058 | D:5      | Found a staircase to the Lair.
  5227 | D:5      | Reached XP level 11. HP: 90/91 MP: 22/22
  5260 | D:5      | Identified the +2 mace of Giygaw {crush, *Corrode rElec
                  | Int+3 Dex+3}
  5418 | D:5      | Noticed a two-headed ogre
  5432 | D:5      | Killed a two-headed ogre
  5432 | D:5      | Reached skill level 10 in Unarmed Combat
  5866 | D:6      | Noticed Frances
  5913 | Lair:1   | Entered Level 1 of the Lair of Beasts
  5917 | Lair:1   | Noticed a seven-headed hydra
  6296 | D:5      | Killed a seven-headed hydra
  6673 | Lair:1   | Identified the +0 chain mail of Zutwafoxa {rPois}
  7380 | Lair:1   | Found a runed translucent gate.
  7383 | Lair:1   | Found a runed translucent gate.
  7384 | Lair:1   | Noticed an eidolon
  7386 | Lair:1   | Found a runed translucent gate.
  7386 | Lair:1   | Noticed an eidolon
  7860 | D:6      | Noticed a death knight
  8376 | Lair:1   | Reached skill level 11 in Unarmed Combat
  8380 | Lair:1   | HP: 1/93 [eidolon/bolt of negative energy (22)]
  8615 | Lair:1   | Killed an eidolon
  8615 | Lair:1   | Reached XP level 12. HP: 44/101 MP: 15/25
  8937 | Lair:2   | Found a staircase to the Swamp.
  9164 | Lair:2   | Noticed Erica
  9194 | Lair:2   | Killed Erica
  9287 | Lair:2   | Noticed a catoblepas
  9313 | Lair:2   | Killed a catoblepas
  9991 | Lair:2   | Reached skill level 12 in Unarmed Combat
 10183 | Lair:2   | Identified the +8 hammer "Ralucsoy" {crush, +Blink rF- MR+
                  | Str+2}
 10574 | Lair:3   | Noticed a boulder beetle
 10969 | Lair:3   | Reached XP level 13. HP: 76/111 MP: 26/27
 11425 | Lair:3   | Found a staircase to the Snake Pit.
 11531 | Lair:3   | Found a basalt altar of Yredelemnul.
 11741 | Lair:3   | Identified the Almanac of Fire
 11763 | Lair:3   | Learned a level 5 spell: Bolt of Magma
 12265 | Lair:4   | Mangled by a tyrant leech

Levels and vault maps discovered:
D:1:      onia_arrival_pentagram, layout_basic
D:2:      layout_sewer, sewer_minmay_treatment, serial_shops,
          nicolae_shop_waterfront
D:3:      layout_loops_ring, first_ration
D:4:      ossuary_minmay_chase, layout_gridville, minmay_temple_entry_offerings
D:5:      layout_gridville, due_lair_maze_entry_diamond
D:6:      fort_yaktaur, layout_cross, orc_0_dummy, uniq_fannar, uniq_frances,
          uniq_roxanne
Temple:   eino_wide_crystal_templ
Lair:1:   miniossuary_kennysheep_ghosthouse, layout_layer_cave,
          infiniplex_staircase_pool, serial_bayou_shore_b
Lair:2:   bobbens_dragon_lair_wall, layout_small_grid, swamp_mist,
          beast_lair_carwin_2, uniq_erica
Lair:3:   layout_long_grid, minmay_snake_entry_guardpost_large, basic_altar,
          chequers_serial_rivers_room_b, beast_lair_carwin_8, grunt_megastairs_4
Lair:4:   layout_roguey, worms_lemuel

Skill      XL: |  1  2  3  4  5  6  7  8  9 10 11 12 |
---------------+-------------------------------------+-----
Unarmed Combat | 3 4 5 6 8 9 11 12 | 12.6
Fighting       | 2 3 4 5 6 7 9 |  9.5
Spellcasting   | 2 3 4 5 6 7 8 |  8.7
Fire Magic     | 3 4 6 7 8 9 |  9.7
Dodging        | |  3.0
Stealth        | |  2.0

Action                   |  1- 3 |  4- 6 |  7- 9 | 10-12 | 13-15 || total
-------------------------+-------+-------+-------+-------+-------++-------
Melee: Unarmed           |    51 |   275 |   520 |   393 |    90 ||  1329
 Cast: Flame Tongue      |       |     5 |    82 |   213 |    36 ||   336
       Conjure Flame     |       |       |     5 |    51 |     7 ||    63
       Blink             |       |       |     1 |     1 |     1 ||     3
       Bolt of Magma     |       |       |       |       |     3 ||     3
  Use: Potion            |       |       |       |     2 |       ||     2
       Scroll            |       |       |       |     1 |     1 ||     2
 Stab: Sleeping          |       |     4 |     3 |     2 |       ||     9
       Confused          |       |       |       |       |     4 ||     4
  Eat: Chunk             |       |     1 |    12 |    19 |     3 ||    35
       Ration            |       |       |       |     1 |       ||     1
Armor: Leather armour    |     5 |    15 |    67 |    63 |       ||   150
       Robe              |       |       |       |    10 |     4 ||    14
       Skin              |       |       |       |       |     7 ||     7
Dodge: Dodged            |     8 |    62 |   198 |    98 |    39 ||   405
